Map: Lightshade LE

Players

ByuN - Winner!

  • Race: Terran Terran
  • Spawn Location: 11:00

Serral

  • Race: Zerg Zerg
  • Spawn Location: 5:00

Event: ASUS ROG Online 2020

VOD

Have the link to the VOD?

Description

Time

  • Played on: Nov. 29, 2020, 9:48 a.m.
  • Length: 23:23

All games in this series

Show
View Real Time Build Order
Export as new Build Order

ByuN Terran - Winner!

Build Orders:  

Get SALT Encoding   

  12  0:00  SCV  
  13  0:12  SCV  
  14  0:17  Supply Depot  
  14  0:24  SCV  
  15  0:38  SCV  
  15  0:40  Barracks  
  16  0:42  Refinery  
  16  0:50  SCV  
  17  1:03  SCV  
  18  1:15  SCV  
  19  1:27  Barracks Reactor, Orbital Command  
  19  1:38  Command Center  
  19  1:47  Barracks  
  19  1:52  SCV  
  20  2:00  Supply Depot  
  20  2:04  Marine  
  20  2:05  SCV, Marine  
  23  2:18  Factory  
  23  2:22  SCV, Marine  
  25  2:23  Marine  
  26  2:30  Refinery  
  26  2:34  SCV  
  26  2:35  Barracks Tech Lab  
  27  2:40  Marine x2  
  29  2:46  SCV  
  29  2:49  Orbital Command  
  30  2:54  Marine  
  30  2:58  SCV, Marine  
  32  2:59  Marine  
  32  3:04  Stimpack  
  34  3:10  SCV  
  35  3:16  Marine x2  
  35  3:17  Marine  
  36  3:24  Starport, SCV  
  37  3:27  SCV  
  37  3:29  Factory Reactor  
  38  3:37  Supply Depot, SCV  
  38  3:40  Marine x2  
  41  3:41  Marine  
  41  3:46  SCV  
  43  3:50  SCV  
  44  3:57  Marine  
  44  3:58  SCV, Marine  
  44  4:01  Supply Depot, Marine  
  48  4:03  SCV  
  49  4:10  SCV  
  49  4:11  Medivac  
  49  4:12  Medivac  
  54  4:19  Supply Depot  
  54  4:22  Marine x3  
  54  4:23  SCV x2  
  59  4:26  Hellion  
  59  4:29  Supply Depot  
  61  4:35  SCV  
  62  4:40  Marine x3  
  62  4:41  SCV  
  62  4:43  Supply Depot  
  66  4:46  Combat Shield, Medivac  
  68  4:53  Supply Depot  
  68  4:58  Widow Mine, SCV, Marine x3  
  68  4:59  SCV  
  75  5:13  SCV x2  
  73  5:17  Marine x3  
  73  5:21  Factory Tech Lab  
  75  5:25  SCV x2  
  75  5:26  Command Center, Refinery  
  77  5:32  Refinery  
  77  5:34  Engineering Bay  
  77  5:37  Starport Reactor  
  77  5:39  SCV x2  
  79  5:43  Marine x3  
  79  5:44  Barracks  
  81  5:51  SCV x2  
  81  5:56  Engineering Bay  
  81  5:59  Siege Tank  
  81  6:01  Marine x3  
  81  6:03  SCV  
  88  6:08  SCV  
  85  6:15  SCV  
  85  6:17  Terran Infantry Weapons Level 1  
  86  6:20  SCV  
  86  6:24  Terran Infantry Armor Level 1  
  87  6:31  Siege Tank  
  87  6:32  SCV x2  
  92  6:33  Marine x2  
  92  6:35  Barracks  
  92  6:37  Barracks, Marine x3  
  97  6:41  Orbital Command  
  97  6:52  Medivac x2  
  101  6:55  SCV x2  
  101  7:00  Supply Depot  
  103  7:01  Marine  
  103  7:02  Marine x2  
  103  7:03  Siege Tank  
  103  7:04  Orbital Command  
  109  7:09  Supply Depot, Marine  
  109  7:10  SCV  
  109  7:16  SCV  
  107  7:23  SCV  
  107  7:25  Marine  
  107  7:26  Marine  
  107  7:27  Barracks Reactor, Marine x3  
  107  7:28  Barracks Reactor, SCV  
  113  7:30  Factory  
  113  7:31  SCV  
  113  7:35  Siege Tank, SCV  
  118  7:38  Supply Depot  
  118  7:39  Supply Depot  
  118  7:40  Supply Depot, SCV  
  118  7:43  SCV  
  120  7:47  SCV  
  120  7:48  Armory, Refinery  
  121  7:52  SCV  
  121  7:55  SCV  
  121  7:57  Refinery, Marine x2  
  125  8:00  SCV, Marine x2  
  125  8:02  Supply Depot x2  
  125  8:03  Supply Depot  
  125  8:05  SCV  
  129  8:07  SCV  
  129  8:12  Supply Depot  
  131  8:13  Supply Depot  
  131  8:17  SCV, Marine x5  
  131  8:18  Marauder, Marine x3  
  131  8:19  Factory Reactor  
  143  8:22  Siege Tank  
  144  8:35  Command Center  
  144  8:36  Terran Infantry Armor Level 2, Terran Infantry Weapons Level 2  
  144  8:41  Marine x4  
  144  8:42  Marine x3  
  144  8:44  Marine  
  151  8:54  Marine  
  146  8:59  Terran Vehicle Weapons Level 1, Marine x5  
  146  9:02  Drilling Claws, Widow Mine x3  
  153  9:13  Marauder  
  153  9:14  Marine x2  
  153  9:15  Missile Turret, Marine  
  153  9:17  Marine x4  
  158  9:20  Missile Turret  
  158  9:24  Barracks x2  
  162  9:26  Barracks  
  162  9:36  Marauder, Marine  
  162  9:37  Marine x6  
  162  9:38  Marine  
  172  9:54  Marine x2  
  172  9:55  Marine x6  
  172  9:57  Marine  
  172  9:59  Supply Depot  
  180  10:12  Marine x3  
  180  10:13  Barracks Tech Lab  
  180  10:14  Barracks Tech Lab  
  180  10:15  Marauder  
  180  10:16  Sensor Tower, Barracks Tech Lab  
  180  10:17  Planetary Fortress, Reaper  
  183  10:23  SCV x3  
  186  10:35  Marauder  
  185  10:36  Marauder, Marine x5  
  185  10:37  Marine  
  185  10:39  Marauder  
  195  10:49  Marauder  
  181  10:50  Marine x2  
  181  10:53  Widow Mine  
  181  10:54  Widow Mine x2, Marine x3  
  181  10:56  Marauder  
  187  10:58  Marauder  
  187  10:59  Marine x2  
  187  11:00  Terran Infantry Weapons Level 3, Marauder, Terran Infantry Armor Level 3  
  193  11:11  Marauder  
  195  11:17  Medivac, Marauder  
  199  11:19  Concussive Shells  
  199  11:24  Command Center  
  199  11:26  Command Center  
  183  11:41  Command Center  
  183  11:42  Marauder x2, Marine  
  183  11:43  Marine x5  
  183  11:45  Widow Mine x2  
  183  11:46  Medivac  
  188  11:47  Medivac  
  188  11:49  Marauder  
  188  11:52  Marauder, Marine x2  
  196  11:59  Sensor Tower  
  190  12:11  Widow Mine x3  
  190  12:15  Marauder x2  
  200  12:25  Ghost Academy  
  200  12:28  Barracks x2  
  199  12:40  Marauder  
  200  12:48  Orbital Command x2  
  182  12:51  Marauder  
  182  12:52  Marauder x2  
  182  12:54  Widow Mine x2  
  182  12:55  Medivac x2  
  182  12:56  Widow Mine  
  164  13:01  Marine  
  164  13:02  Marauder  
  156  13:07  Marine  
  156  13:08  Marine x6  
  162  13:13  Marauder x3  
  162  13:15  Widow Mine x2  
  172  13:23  Marauder  
  172  13:25  Medivac x2, Marine x2  
  172  13:26  Refinery, Marine x2  
  172  13:27  Marine x2  
  182  13:33  Ghost  
  182  13:34  Ghost x2  
  188  13:42  Marine x2  
  188  13:44  Ghost  
  188  13:46  Refinery  
  192  13:54  Barracks Tech Lab x2  
  192  13:55  Medivac x2  
  196  14:02  Ghost x3  
  192  14:06  Planetary Fortress  
  198  14:13  Marauder  
  198  14:14  Widow Mine  
  200  14:22  Terran Vehicle And Ship Armor Level 1  
  191  14:31  Marauder x2, Ghost  
  191  14:32  Ghost, Marine x2  
  191  14:33  Marine  
  191  14:34  Command Center  
  191  14:36  Command Center  
  200  14:51  Widow Mine x2  
  200  14:58  Neosteel Armor, Hi-Sec Auto Tracking  
  179  15:11  Marauder x3, Marine  
  179  15:12  Marine x6  
  192  15:17  Widow Mine x2  
  196  15:28  Marauder x2  
  193  15:40  Widow Mine x2  
  187  15:43  Marauder x2  
  187  15:45  Marine x2  
  187  15:48  Marauder x2, Marine x6  
  200  15:54  Orbital Command  
  200  16:03  Marauder x2  
  185  16:08  Medivac x2  
  186  16:11  Marauder x2  
  186  16:12  Marauder, Marine x4  
  196  16:26  Marauder x2  
  196  16:29  Planetary Fortress  
  188  16:48  Widow Mine x2  
  188  16:52  Sensor Tower  
  188  16:53  Ghost  
  188  16:54  Ghost  
  192  16:55  Marine  
  192  16:56  Orbital Command, Marine x2  
  192  16:58  Missile Turret  
  192  16:59  Missile Turret  
  194  17:10  Marauder x3  
  200  17:16  Terran Vehicle And Ship Armor Level 2  
  198  17:30  Widow Mine  
  193  17:37  Sensor Tower, Marine  
  193  17:38  Marine x5  
  193  17:40  Ghost x2  
  194  17:44  Marine x3  
  194  17:45  Marauder  
  193  17:56  Command Center  
  166  18:07  Marauder x2  
  166  18:08  Marine x2  
  166  18:09  Orbital Command  
  166  18:12  Marauder x2  
  165  18:15  Marauder x2  
  165  18:17  Marine x3  
  165  18:18  Marine x2  
  174  18:21  Command Center  
  174  18:22  SCV x4  
  174  18:23  SCV  
  179  18:28  Marauder x2  
  179  18:33  Marine x5  
  188  18:35  Marine  
  188  18:37  Marauder  
  191  18:45  Widow Mine  
  191  18:47  Marauder, Marine x2  
  197  18:50  Marauder  
  197  18:53  Medivac  
  184  18:56  Marauder x2, Widow Mine  
  184  18:58  Marine x2  
  184  19:01  Marauder x2, Marine x2  
  189  19:06  Marine x4  
  189  19:08  Marauder  
  191  19:11  Marauder  
  177  19:18  Marauder x2  
  177  19:20  Marine  
  177  19:23  Marauder x2  
  161  19:24  Marine x2  
  161  19:25  Medivac x2  
  161  19:29  Marauder, Widow Mine x2  
  161  19:31  Orbital Command  
  173  19:32  Marauder  
  173  19:35  Marine x2  
  177  19:39  Marauder x2  
  178  19:47  Widow Mine  
  178  19:50  Widow Mine x2  
  183  19:53  Marauder x3, Marine  
  183  19:54  Marauder, Marine x4  
  195  20:05  Marauder x2  
  199  20:23  Orbital Command  
  198  20:39  Ghost x2  
  200  20:43  Missile Turret  
  189  21:30  Marauder x3, Marine x4  
  193  21:33  SCV x2  
  193  21:34  SCV x2  
  199  21:40  Widow Mine  
  196  21:53  Widow Mine x2  
  198  21:58  Marauder  
  198  22:26  Widow Mine  
  198  22:29  SCV x2  
  195  22:32  Missile Turret, SCV  
  178  22:40  Marauder x2  
  178  22:42  Marine x3  
  178  22:43  Marine x2  
  178  22:44  Marauder x3  
  148  22:46  Marauder, Marine x3  
  148  22:50  Widow Mine x3  
  142  23:00  Marine  
  142  23:01  Marauder x2  
  150  23:09  SCV  
  150  23:10  SCV x3  
Show
View Real Time Build Order
Export as new Build Order

Serral Zerg 

Build Orders: Pool First 

Get SALT Encoding   

  12  0:00  Drone  
  13  0:12  Overlord  
  13  0:19  Drone  
  14  0:31  Drone x2  
  17  0:35  Drone  
  17  0:45  Extractor, Drone  
  17  0:51  Spawning Pool  
  17  0:56  Drone  
  17  1:06  Drone  
  18  1:19  Hatchery  
  18  1:23  Drone  
  18  1:38  Zergling x2, Queen  
  21  1:41  Zergling x2  
  22  1:47  Metabolic Boost  
  22  1:54  Overlord  
  22  2:12  Drone x2  
  22  2:13  Queen  
  26  2:24  Zergling x2  
  27  2:31  Zergling x2  
  27  2:32  Queen  
  27  2:35  Overlord  
  30  2:42  Drone  
  30  2:43  Drone  
  32  2:46  Drone  
  32  2:47  Drone  
  32  2:48  Drone  
  35  2:57  Drone  
  35  2:58  Drone  
  37  3:17  Hatchery  
  36  3:20  Drone x4  
  36  3:21  Drone  
  36  3:25  Overlord  
  40  3:28  Drone  
  40  3:30  Drone  
  42  3:35  Queen  
  44  3:42  Roach Warren  
  44  3:43  Extractor  
  44  3:44  Drone  
  44  3:48  Drone x2  
  45  3:50  Drone  
  45  3:52  Drone  
  47  3:56  Drone x2  
  47  3:59  Overlord  
  47  4:00  Drone  
  50  4:03  Drone  
  50  4:04  Drone  
  50  4:08  Overlord  
  52  4:14  Overlord  
  52  4:19  Drone x4  
  56  4:24  Overlord  
  56  4:26  Roach x2  
  56  4:31  Queen  
  60  4:37  Roach x2  
  66  4:40  Roach x2  
  66  4:44  Roach x2  
  74  4:47  Zergling x4  
  74  4:52  Zergling x8  
  80  4:57  Roach x2  
  84  5:02  Overlord  
  84  5:03  Lair  
  84  5:06  Drone x2  
  86  5:08  Drone  
  86  5:13  Queen  
  87  5:15  Drone x3  
  87  5:20  Overlord  
  87  5:21  Overlord  
  90  5:23  Extractor  
  90  5:24  Extractor  
  90  5:25  Roach  
  90  5:26  Roach  
  92  5:31  Roach  
  92  5:32  Overlord  
  92  5:35  Roach x2  
  98  5:38  Overlord  
  98  5:42  Drone x4  
  102  5:45  Drone x2  
  102  5:49  Drone  
  105  5:50  Drone  
  105  5:53  Drone x2  
  105  5:54  Drone x2  
  105  5:59  Drone  
  106  6:05  Drone x2  
  106  6:06  Ravager x2  
  106  6:09  Roach x3  
  107  6:12  Drone x2  
  105  6:19  Glial Reconstitution  
  105  6:20  Roach  
  105  6:21  Evolution Chamber  
  105  6:22  Extractor, Roach x3  
  105  6:23  Extractor, Evolution Chamber  
  113  6:32  Roach x2  
  113  6:33  Roach  
  113  6:34  Overlord, Ravager x2  
  113  6:38  Drone x4  
  121  6:42  Overlord  
  121  6:48  Zerg Missile Weapons Level 1  
  121  6:55  Hatchery, Drone x2  
  121  6:58  Roach x4  
  130  7:01  Overlord  
  129  7:09  Spore Crawler, Drone  
  129  7:13  Roach x3  
  129  7:14  Roach  
  137  7:18  Overseer  
  137  7:21  Overlord x3  
  137  7:22  Overlord  
  137  7:24  Burrow  
  137  7:25  Zerg Ground Armor Level 1  
  137  7:27  Overlord  
  137  7:32  Baneling Nest  
  137  7:34  Drone x2, Infestation Pit  
  137  7:41  Ravager x2  
  137  7:42  Drone x2  
  141  7:46  Spore Crawler, Ravager  
  141  7:47  Drone x6, Ravager  
  141  7:48  Spore Crawler  
  141  7:49  Drone  
  148  7:57  Drone x2  
  150  7:59  Drone x2  
  150  8:00  Drone x4  
  150  8:01  Tunneling Claws  
  156  8:08  Zergling x14  
  162  8:13  Hive  
  162  8:15  Queen  
  164  8:20  Centrifical Hooks  
  164  8:22  Overlord  
  164  8:23  Overlord  
  164  8:24  Drone  
  166  8:27  Drone  
  166  8:28  Zergling x4, Spore Crawler  
  167  8:34  Zergling x12  
  173  8:42  Baneling x2  
  173  8:43  Baneling x5  
  173  8:46  Extractor  
  173  8:47  Drone x2  
  173  8:48  Drone  
  171  8:49  Zergling x10  
  171  8:54  Roach x3  
  173  9:02  Zergling x16  
  181  9:09  Zerg Melee Weapons Level 1  
  181  9:16  Zergling x14  
  188  9:26  Zergling x12  
  188  9:28  Viper x2  
  188  9:31  Baneling x12  
  200  9:36  Adrenal Glands  
  200  9:37  Baneling x14  
  200  9:39  Hatchery  
  200  9:43  Zergling x6  
  196  9:49  Infestation Pit  
  196  9:52  Baneling x7  
  192  9:55  Drone x2  
  192  9:57  Zergling x10  
  192  9:58  Zergling x12  
  197  10:06  Zerg Ground Armor Level 2  
  195  10:13  Baneling  
  195  10:14  Baneling x6  
  194  10:17  Zergling x10  
  199  10:21  Queen x3  
  199  10:24  Baneling x5  
  199  10:31  Roach x3  
  192  10:45  Zergling x16  
  191  10:56  Ultralisk Cavern  
  185  10:59  Queen  
  185  11:00  Drone x2  
  187  11:08  Zergling x26  
  187  11:09  Zerg Melee Weapons Level 2  
  200  11:15  Spire  
  199  11:23  Spine Crawler, Spore Crawler  
  199  11:24  Baneling x4  
  199  11:25  Baneling x3  
  197  11:26  Baneling x7  
  197  11:27  Zergling x6, Baneling x2  
  197  11:29  Overseer  
  200  11:39  Zergling x22  
  199  11:40  Zergling x10  
  199  11:44  Chitinous Plating  
  199  11:46  Zergling x18  
  199  11:57  Overlord  
  199  12:06  Baneling x5  
  187  12:09  Ultralisk  
  192  12:21  Baneling x10  
  192  12:22  Infestor x2  
  195  12:25  Extractor, Drone x3, Spine Crawler  
  195  12:27  Zergling x2  
  195  12:29  Zerg Flyer Weapons Level 1  
  197  12:30  Overlord x2  
  197  12:31  Overlord  
  197  12:36  Hatchery  
  196  12:45  Baneling  
  196  12:46  Baneling x10  
  182  12:52  Roach x7  
  182  12:53  Zergling x48  
  182  12:57  Zergling x8  
  199  13:03  Anabolic Synthesis  
  199  13:15  Overseer  
  199  13:16  Zerg Ground Armor Level 3  
  199  13:23  Baneling  
  199  13:24  Baneling x12  
  198  13:30  Zerg Melee Weapons Level 3  
  198  13:31  Zergling x2  
  189  13:44  Zergling x8, Ultralisk  
  189  13:46  Overseer  
  189  13:47  Pneumatized Carapace  
  199  13:57  Zergling x8  
  199  14:06  Hatchery  
  198  14:15  Hatchery  
  182  14:17  Zergling x2  
  182  14:18  Zergling x34  
  182  14:20  Overseer  
  200  14:24  Overlord  
  200  14:28  Zergling x2  
  200  14:31  Zergling x6  
  200  14:33  Hatchery  
  198  14:52  Zergling x30  
  181  15:08  Zergling x10  
  181  15:09  Zergling x18  
  192  15:17  Zergling x12  
  192  15:20  Ultralisk, Infestor, Baneling  
  192  15:21  Zergling x4, Baneling x10  
  198  15:22  Baneling x2  
  198  15:23  Overlord, Baneling x4  
  198  15:26  Zerg Flyer Weapons Level 2  
  193  15:37  Zergling x8, Ultralisk  
  193  15:39  Hatchery  
  192  15:52  Zergling x14  
  196  16:03  Zergling x20  
  196  16:04  Zergling x20  
  199  16:05  Infestor  
  199  16:11  Zergling x8, Ultralisk, Infestor  
  197  16:26  Overlord  
  197  16:27  Drone x2  
  197  16:28  Baneling x16  
  197  16:30  Drone  
  199  16:38  Zergling x2  
  191  16:49  Zergling x18  
  196  17:01  Zergling x6  
  196  17:04  Zergling x18  
  196  17:13  Baneling x11  
  196  17:16  Baneling x10  
  196  17:20  Zergling x12  
  196  17:22  Baneling x6  
  199  17:25  Zerg Missile Weapons Level 2  
  199  17:28  Zergling x14  
  196  17:32  Baneling x6  
  194  17:42  Zergling x20  
  198  17:50  Zergling x8  
  200  17:53  Baneling x5  
  199  18:04  Zergling x6  
  199  18:05  Zergling x32  
  176  18:14  Hatchery  
  176  18:15  Baneling x3  
  176  18:16  Baneling x4  
  176  18:19  Zergling x12  
  181  18:22  Baneling x12  
  181  18:26  Zergling x12  
  187  18:29  Greater Spire  
  187  18:35  Ravager, Baneling  
  187  18:36  Ravager x4  
  187  18:38  Baneling x2  
  187  18:39  Baneling x9  
  192  18:42  Overseer  
  192  18:43  Baneling x6  
  192  18:45  Zergling x16  
  163  18:58  Zergling x32  
  162  19:03  Ultralisk  
  168  19:12  Baneling x4  
  161  19:18  Zergling x38  
  161  19:23  Baneling x4  
  161  19:24  Baneling x14  
  157  19:32  Zergling x10  
  157  19:36  Zergling x2, Ultralisk x2  
  157  19:37  Zergling x2  
  162  19:44  Infestor x2  
  162  19:45  Infestor  
  167  19:47  Zergling x2  
  167  19:48  Zergling x16  
  173  20:02  Overseer  
  173  20:03  Infestor x4  
  181  20:12  Zergling x24  
  192  20:16  Baneling x7  
  183  20:42  Zergling x14, Ultralisk  
  191  20:43  Zergling x8, Hatchery  
  190  20:55  Zergling x20  
  181  21:27  Infestor x2  
  181  21:28  Infestor  
  175  21:41  Zergling x2  
  175  21:42  Zergling x30  
  175  21:44  Zergling x8  
  175  21:46  Hatchery  
  190  21:50  Baneling x6  
  188  21:59  Drone  
  189  22:05  Zergling x6  
  189  22:06  Zergling x10  
  195  22:12  Baneling x6  
  179  22:35  Zergling x28  
  157  22:37  Drone  
  157  22:42  Zergling x4  
  140  22:53  Hatchery  
  132  22:58  Zergling x6  
  132  22:59  Zergling x2  
  132  23:00  Drone x32  
Tags
 
Add a new tag
Caveats
  • Supply blocks, unpowered buildings, or Contaminate may cause inaccurate times.
  • Supply counts are checked every 10 seconds.